 Dungeon Crawl Stone Soup version 0.28.0-47-ge53b351184 (webtiles) character file.

Game seed: 4075848017848375737

210 CryoSword the Cudgeller (level 5, -2/27 HPs)
             Began as a Vine Stalker Chaos Knight on May 6, 2022.
             Was a Plaything of Xom.
             Slain by an orc
             ... wielding a +0 trident
              (5 damage)
             ... on level 3 of the Dungeon.
             The game lasted 00:04:00 (2870 turns).

CryoSword the Cudgeller (Vine Stalker Chaos Knight) Turns: 2870, Time: 00:04:01

Health: -2/27      AC:  5    Str: 17    XL:     5   Next: 88%
Magic:  0/6        EV: 11    Int: 12    God:    Xom [*.....]
Gold:   65         SH:  0    Dex: 13    Spells: 4/4 levels left

rFire   . . .      SeeInvis .   a - +0 mace (chaos)
rCold   . . .      Faith    .   (no shield)
rNeg    . . .      Spirit   +   b - +2 leather armour
rPois   .          Reflect  .   (no helmet)
rElec   .          Harm     .   (no cloak)
rCorr   .          Rampage  .   (no gloves)
Will    .....                   (no boots)
Stlth   +.........              (no amulet)
HPRegen 0.89/turn               f - ring of flight
MPRegen 0.10/turn               (no ring)

@: lethally poisoned (-2 -> -3), flying
A: fangs 2, regeneration 1, magic shield, antimagic bite, no potion heal 2
a: Renounce Religion


You were on level 3 of the Dungeon.
You worshipped Xom.
You were a special plaything of Xom.
You visited 1 branch of the dungeon, and saw 3 of its levels.

You collected 87 gold pieces.
You spent 22 gold pieces at shops.

Inventory:

Hand Weapons
 a - a +0 mace of chaos (weapon)
 e - a +0 vorpal flail
   (You took it off a gnoll on level 3 of the Dungeon)
Missiles
 d - 2 datura-tipped darts (quivered)
 l - 3 javelins
Armour
 b - a +2 leather armour (worn)
Jewellery
 f - a ring of flight (left hand)
   (You found it on level 1 of the Dungeon)
Scrolls
 c - a scroll of vulnerability {unknown}
 h - 3 scrolls of summoning {unknown}
 j - a scroll of enchant armour {unknown}
 m - a scroll of blinking {unknown}
Potions
 g - 2 potions of curing {@q1}


   Skills:
 - Level 2.6 Fighting
 + Level 5.8 Maces & Flails
 - Level 1.5 Armour
 - Level 0.7 Dodging


You had 4 spell levels left.
You didn't know any spells.
Your spell library contained the following spells:

 Spells                   Type           Power      Damage    Failure   Level
 Foxfire                  Conj/Fire      0%         2x1d4     36%         1
 Conjure Flame            Conj/Fire      0%         6-21      75%         3
 Inner Flame              Hex/Fire       0%         N/A       75%         3
 Flame Wave               Conj/Fire      0%         2d4       98%         4


Dungeon Overview and Level Annotations

Branches:
Dungeon (3/15)

Altars:

Shops:
D:3 *


Innate Abilities, Weirdness & Mutations

You have extremely sharp teeth.
Your natural rate of healing is unusually fast.
When hurt, damage is shared between your health and your magic reserves.
Your bite disrupts and absorbs the magic of your enemies.
Potions cannot restore your health.


Message History

You miss the adder.
You feel sick.
You are no longer poisoned.
The adder bites you but does no damage. The adder closely misses you.
You closely miss the adder. You bite the adder. You drain its power.
You feel invigorated. The adder bites you but does no damage.
You closely miss the adder. Your bite misses the adder.
The adder closely misses you. The adder bites you but does no damage.
You barely miss the adder. The adder bites you.
You are poisoned.
The adder poisons you!
You feel sick. The adder bites you but does no damage.
You feel sick.
You feel sick.
You feel sick.
You are no longer poisoned.
The adder completely misses you.
You see here a giant cockroach corpse.
You closely miss the adder. Your bite misses the adder. The adder bites you.
You are poisoned.
The adder poisons you!
You closely miss the adder. You bite the adder.
You kill the adder!
You feel sick.
You hit the gnoll.
You feel sick.
The gnoll hits you with a +0 vorpal flail.
You hit the gnoll. Lightning courses through the gnoll!!
You kill the gnoll!
You feel sick.
You feel sick.
You are no longer poisoned.
Things that are here:
a +0 vorpal flail; a gnoll corpse
e - a +0 vorpal flail You drop a +0 flail.
A jackal comes into view.
A jackal is nearby!
A jackal is nearby!
The jackal barks!
You hear a bark!
A jackal comes into view.
The jackal bites you but does no damage.
You miss the jackal. You bite the jackal, but do no damage.
The jackal closely misses you.
The jackal bites you but does no damage.
You hit the jackal. You drain the jackal.
You bite the jackal, but do no damage.
The jackal bites you but does no damage.
You hit the jackal. You freeze the jackal.
You kill the jackal!
You hit the jackal. Your bite misses the jackal.
The jackal bites you but does no damage.
You closely miss the jackal. You bite the jackal, but do no damage.
The jackal bites you but does no damage.
The jackal misses you.
You hit the jackal but do no damage.
The jackal bites you but does no damage.
You hit the jackal. The jackal closely misses you.
The jackal barely misses you.
You hit the jackal. You freeze the jackal.
You kill the jackal!
No target in view!
You now have 53 gold pieces (gained 16).
Found 14 bolts.
You now have 65 gold pieces (gained 12).
A gnoll opens the gate.
It is wielding a +0 club.
You see here a scroll of identify {@r1}.
A gnoll is nearby!
A gnoll is nearby!
A gnoll is nearby!
The gnoll shouts!
A gnoll comes into view. It is wielding a +0 spear.
The gnoll shouts!
You hear a shout!
A gnoll comes into view. It is wielding a +0 flail.
The gnoll shouts!
You sock the gnoll!
The gnoll seems to speed up.
The gnoll closely misses you. The gnoll hits you with a +0 club.
You closely miss the gnoll. You bite the gnoll. You drain its power.
You feel invigorated. The gnoll hits you with a +0 club.
An orc comes into view. It is wielding a +0 trident.
The gnoll barely misses you. The gnoll hits you with a +0 club.
You barely miss the gnoll.
An orc comes into view. It is wielding a +0 mace.
The gnoll hits you but does no damage. The gnoll closely misses you.
You barely miss the gnoll.
The orc shouts!
You bite the gnoll. You drain its power.
You feel invigorated. The gnoll hits you with a +0 club.
The gnoll hits you from afar with a +0 spear.
The gnoll barely misses you.
You barely miss the gnoll. The gnoll misses you. x2
You hit the gnoll.
You kill the gnoll!
The gnoll closely misses you.
You hit the gnoll. You burn the gnoll. The gnoll barely misses you.
The gnoll hits you from afar with a +0 spear.
The orc hits you with a +0 mace.
You sock the gnoll! Your bite misses the gnoll. The gnoll misses you.
The gnoll closely misses you. The orc barely misses you.
The orc closely misses you.
You barely miss the gnoll. The gnoll closely misses you. The gnoll misses you.
The orc closely misses you. The orc hits you but does no damage.
The gnoll hits you but does no damage.
You closely miss the gnoll. Your bite misses the gnoll.
The gnoll hits you from afar with a +0 spear.
The orc hits you from afar with a +0 trident.
The orc hits you with a +0 mace. The gnoll completely misses you.
The gnoll hits you but does no damage.
You are too injured to fight recklessly!
The orc hits you with a +0 mace.
An adder comes into view.
You hit the orc. You freeze the orc.
You kill the orc!
You thump the gnoll!
You kill the gnoll!
The gnoll barely misses you.
The gnoll hits you from afar with a +0 spear.
Found a stone staircase leading down.
The adder bites you but does no damage. The adder barely misses you.
The adder bites you but does no damage.
You sock the adder! You burn the adder. Your bite misses the adder.
The adder bites you.
You closely miss the adder. The adder bites you but does no damage.
The orc hits you from afar with a +0 trident.
The adder bites you but does no damage. The orc barely misses you.
You closely miss the adder. The adder bites you.
You are poisoned.
The adder poisons you!
The orc hits you from afar with a +0 trident.
You completely miss the adder.
You feel sick. The adder barely misses you.
The orc hits you from afar with a +0 trident.
* * * LOW HITPOINT WARNING * * *
The adder bites you.
* * * LOW HITPOINT WARNING * * *
You are more poisoned.
The adder poisons you!
You barely miss the adder.
You feel very sick. The adder barely misses you.
The orc hits you from afar with a +0 trident.
* * * LOW HITPOINT WARNING * * *
You feel sick.
You feel sick.
You feel sick. The adder bites you but does no damage.
You feel sick.
You feel sick.
You closely miss the adder. You bite the adder.
You kill the adder!
You feel sick.
The orc hits you from afar with a +0 trident.
You die...

...#.# #.#.#...#
#...# #...###.# #..##
##..# #.# #.## #...##
#..###.#
#....##...#####
#.†.#..#
#....#.....###.....##
####).#....>.....###
###<...###..##..#
#......####.@...#
....#.##..# ###...#
....###.###.#
#o..##### ... #.# #.#
#..g....##..#. .. ..#
#.### #.#.###...>#..
. ... #...###.#.#
##.... #..
###..##.#.# #..... #
.. ##..#.#g####..# .#
...
##.†)..#.....##...


You could see a gnoll and an orc.

Vanquished Creatures
  A howler monkey (D:3)
  3 gnolls (D:3)
  9 adders
  2 worms
  5 orcs
  6 ball pythons
  3 bats
  4 endoplasms
  6 giant cockroaches
  5 hobgoblins
  4 jackals (D:3)
  2 quokkas
  3 frilled lizards
  2 goblins
  3 kobolds
  6 rats
64 creatures vanquished.

Notes
Turn   | Place    | Note
-------+----------+-------------------------------------------
     0 | D:1      | CryoSword the Vine Stalker Chaos Knight began the quest for
                  | the Orb.
     0 | D:1      | Reached XP level 1. HP: 11/11 MP: 2/2
   163 | D:1      | Reached skill level 3 in Maces & Flails
   224 | D:1      | XOM: butterfly on damage
   228 | D:1      | Reached XP level 2. HP: 4/16 MP: 0/3
   539 | D:1      | XOM: divination: magic mapping
   540 | D:1      | XOM: silly message
   993 | D:1      | XOM: god gift: 16 stones
  1099 | D:1      | Found a faded altar of an unknown god.
  1225 | D:2      | XOM: 1-stop teleportation journey
  1237 | D:2      | Reached XP level 3. HP: 8/19 MP: 2/4
  1486 | D:1      | XOM: silly message
  1538 | D:2      | Reached skill level 4 in Maces & Flails
  2099 | D:2      | Gained mutation: Your natural rate of healing is unusually
                  | fast. [Vine Stalker growth]
  2099 | D:2      | Reached XP level 4. HP: 23/23 MP: 5/5
  2221 | D:2      | XOM: smoke on damage
  2221 | D:2      | XOM: torment (15/23 hp)
  2618 | D:3      | Found Uce Cemu's General Store.
  2632 | D:2      | Reached skill level 5 in Maces & Flails
  2632 | D:2      | Reached XP level 5. HP: 20/27 MP: 6/6
  2665 | D:3      | Bought a scroll of identify for 22 gold pieces
  2870 | D:3      | Slain by an orc

Illustrated notes

Levels and vault maps discovered:
D:1:      lightli_arrival_statuegarden, layout_loops_ring,
          shapermc_ecumenical_altar_mp_vishouse
D:2:      layout_loops_ring, minmay_tromino_v7
D:3:      lemuel_castle_with_subvaults [lemuel_castle_interior_carwin_3],
          layout_rooms, serial_shops, shop

Skill      XL: |  1  2  3  4 |
---------------+-------------+-----
Maces & Flails | 3 4 5 |  5.8
Fighting       | |  2.6
Armour         | |  1.5
Dodging        | |  0.7

Action                   |  1- 3 |  4- 6 || total
-------------------------+-------+-------++-------
Melee: Mace              |    81 |   131 ||   212
       Bite              |    23 |    28 ||    51
       Punch             |     1 |     1 ||     2
  Use: Scroll            |       |     2 ||     2
 Stab: Sleeping          |     1 |       ||     1
       Petrifying        |     1 |       ||     1
Armor: Leather armour    |    32 |    64 ||    96
Dodge: Dodged            |    40 |   102 ||   142
